 Dungeon Crawl Stone Soup version 0.29.0-13-gc9e81de378 (webtiles) character file.

Game seed: 2586924704008005474

2 Flippered the Sneak (level 1, 0/20 HPs)
             Began as a Hill Orc Delver on Sept 9, 2022.
             Was an Initiate of Beogh.
             Slain by a necrophage (2 damage)
             ... on level 4 of the Dungeon.
             The game lasted 00:00:35 (58 turns).

Flippered the Sneak (Hill Orc Delver)                 Turns: 58, Time: 00:00:36

Health: 0/20       AC:  3    Str: 14    XL:     1   Next: 30%
Magic:  1/1        EV: 11    Int: 10    God:    Beogh [......]
Gold:   13         SH:  0    Dex: 12    Spells: 0/0 levels left

rFire   . . .      SeeInvis .   a - +0 hand axe
rCold   . . .      Faith    .   (no shield)
rNeg    . . .      Spirit   .   b - +0 leather armour
rPois   .          Reflect  .   (no helmet)
rElec   .          Harm     .   (no cloak)
rCorr   .          Rampage  .   (no gloves)
Will    .....                   (no boots)
Stlth   ++........              (no amulet)
HPRegen 0.06/turn               (no ring)
MPRegen 0.07/turn               (no ring)

@: no status effects
A: no striking features
a: Renounce Religion


You were on level 4 of the Dungeon.
You worshipped Beogh.
Beogh was noncommittal.
You visited 1 branch of the dungeon, and saw 2 of its levels.

You collected 13 gold pieces.

Inventory:

Hand Weapons
 a - a +0 hand axe (weapon)
Armour
 b - a +0 leather armour (worn)
Wands
 g - a wand of digging (3)
Scrolls
 c - a scroll of fog
 e - a scroll of fear
Potions
 f - a potion of haste


   Skills:
 + Level 3.7 Fighting
 * Level 2.9 Axes
 - Level 1.5 Dodging
 - Level 4.1 Stealth


You couldn't memorise any spells.
You didn't know any spells.
Your spell library was empty.

Dungeon Overview and Level Annotations

Branches:
Dungeon (5/15)
 Temple: D:4-7

Altars:


Message History

The orc wizard hits the orc but does no damage.
You hear a shout!
You slash the kobold!
You kill the kobold!
Beogh accepts your kill.
You hear a shout!
The orc barely misses something.
Something closely misses the orc.
An orc priest comes into view. It is wielding a +0 short sword.
The orc hits something with a +0 flail.
Something barely misses the orc.
The orc wizard hits the orc but does no damage.
The orc priest misses the orc wizard.
An orc comes into view. It is wielding a +0 club.
The necrophage hits you but does no damage.
The orc closely misses the orc wizard.
The orc priest misses the orc.
The orc wizard hits the orc with a +0 dagger.
An orc comes into view. It is wielding a +0 hand axe.
An orc comes into view. It is wielding a +0 club.
The orc closely misses the orc wizard.
The orc priest calls down the wrath of Beogh upon the orc.
The orc is smitten.
The orc dies!
Found a scroll labelled SIPUTW ZAAKOV.
The orc hits the orc priest with a +0 club.
The orc priest misses the orc.
The orc shouts!
You slash the orc!
You kill the orc!
Beogh accepts your kill.
You hit the necrophage but do no damage.
The orc barely misses the orc priest.
The necrophage hits you but does no damage.
The orc priest looks braver for a moment.
The orc priest calls down the wrath of Beogh upon you.
Beogh smites you!
Ouch! That really hurt!
* * * LOW HITPOINT WARNING * * *
The orc misses the orc priest.
The orc priest hits the orc but does no damage.
The orc barely misses the orc priest.
The necrophage hits you.
You die...

.. #...# ...
#...# ....
#...#
...o##...##
....o.o...+
....oo....#
.?...oo...#
#@..# ##n..#
...#....######
...'....)....#
....#.........#
....#.........+
#.. #######...#
## ##...######
#.........#


You could see a necrophage, an orc priest, 2 orcs, 2 neutral orc priests and 2
neutral orc wizards.

Vanquished Creatures
  An orc (D:4)
  An endoplasm (D:4)
  A kobold (D:4)
3 creatures vanquished.

Vanquished Creatures (others)
  An orc (D:4)
1 creature vanquished.

Grand Total: 4 creatures vanquished

Notes
Turn   | Place    | Note
-------+----------+-------------------------------------------
     0 | D:5      | Flippered the Hill Orc Delver began the quest for the Orb.
     0 | D:5      | Reached XP level 1. HP: 19/19 MP: 1/1
    47 | D:4      | Noticed an orc priest
    48 | D:4      | Noticed an orc priest
    48 | D:4      | Noticed an orc wizard
    48 | D:4      | Noticed an orc wizard
    49 | D:4      | Became a worshipper of Beogh the Brigand
    51 | D:4      | Noticed a necrophage
    54 | D:4      | Noticed an orc priest
    58 | D:4      | Slain by a necrophage

Illustrated notes

Levels and vault maps discovered:
D:4:      layout_gridville, mainiacjoe_overflow_six_doors_small,
          minmay_misc_feat_rows, grunt_ministairs_11, minivault_23,
          chequers_serial_rivers_micro_a
D:5:      gammafunk_cloud_chamber, layout_loops_ring,
          mainiacjoe_overflow_24_doors

Action                   || total
-------------------------++-------
Melee: Hand axe          ||     7
Invok: Convert to Beogh  ||     1
  Use: Scroll            ||     1
Armor: Leather armour    ||     3
Dodge: Dodged            ||     1
